PL
PORTLAND EVERGREENS @ PHILADELPHIA 1776 BC
09/15/2034
 
TOP OF THE 1ST
Portland Evergreens batting - Pitching for Philadelphia 1776 BC : RHP Jay Mahabir
Pitching: RHP Jay Mahabir
Batting: SHB Willie McGirt 0-0: Called Strike
0-1: Ball
1-1: Ball
2-1: Ball
3-1: Base on Balls
Batting: LHB John Schaefer 0-0: Ball
1-0: Swinging Strike
1-1: Foul Ball, location: 2F
1-2: Ball
2-2: Ball
3-2: Foul Ball, location: 2F
3-2: 2-RUN HOME RUN (Flyball, 9LD), Distance : 342 ft
Batting: LHB Chris Payling 0-0: SINGLE (Groundball, 34D)
Batting: SHB Billy Dotson 0-0: Ball
1-0: Foul Ball, location: 2F
1-1: Ball
2-1: Grounds into double play, 4-6-3 (Groundball, 34)
Batting: LHB John Ennis 0-0: Called Strike
0-1: Ball
1-1: Ball
2-1: Foul Ball, location: 2F
2-2: Ground out 6-3 (Groundball, 6)
Top of the 1st over - 2 runs, 2 hits, 0 errors, 0 left on base; Portland 2 - Philadelphia 1776 0
BOTTOM OF THE 1ST
Philadelphia 1776 BC batting - Pitching for Portland Evergreens : RHP Gerald Keller
Pitching: RHP Gerald Keller
Batting: LHB José Rodríguez 0-0: Ball
1-0: Called Strike
1-1: Called Strike
1-2: Ball
2-2: Ball
3-2: Strikes out swinging
Batting: SHB Sam Quint 0-0: Ground out 5-3 (Groundball, 56)
Batting: RHB Karl Blanke 0-0: Ball
1-0: Called Strike
1-1: Foul Ball, location: 2F
1-2: Foul Ball, location: 2F
1-2: Ground out 4-3 (Groundball, 34)
Bottom of the 1st over - 0 runs, 0 hits, 0 errors, 0 left on base; Portland 2 - Philadelphia 1776 0
TOP OF THE 2ND
Portland Evergreens batting - Pitching for Philadelphia 1776 BC : RHP Jay Mahabir
Batting: RHB Nelson Jaramillo 0-0: Ground out 6-3 (Groundball, 6)
Batting: LHB Calvin Wilms 0-0: Ball
1-0: SINGLE (Groundball, 4MD)
Batting: LHB Ramón Garmendia 0-0: Ball
1-0: Grounds into double play, 4-6-3 (Groundball, 4)
Top of the 2nd over - 0 runs, 1 hit, 0 errors, 0 left on base; Portland 2 - Philadelphia 1776 0
BOTTOM OF THE 2ND
Philadelphia 1776 BC batting - Pitching for Portland Evergreens : RHP Gerald Keller
Batting: LHB Manoo Satyavrat 0-0: Called Strike
0-1: Ball
1-1: Ball
2-1: Ball
3-1: Fly out, F3 (Line Drive, 34)
Batting: RHB Eddie Sachs 0-0: Ball
1-0: SINGLE (Groundball, 56D)
Batting: LHB Jake Grant 0-0: Ball
1-0: Ball
2-0: Swinging Strike
2-1: Ball
3-1: Foul Ball, location: 2F
3-2: Grounds into double play, 4-6-3 (Groundball, 4)
Bottom of the 2nd over - 0 runs, 1 hit, 0 errors, 0 left on base; Portland 2 - Philadelphia 1776 0
TOP OF THE 3RD
Portland Evergreens batting - Pitching for Philadelphia 1776 BC : RHP Jay Mahabir
Batting: RHB Gabrio Campoverde 0-0: Called Strike
0-1: DOUBLE (Flyball, 8LXD)
Batting: SHB Willie McGirt 0-0: Foul Ball, location: 2F
0-1: Ball
1-1: SINGLE (Flyball, 9S)
Gabrio Campoverde to third
Batting: LHB John Schaefer 0-0: Ball
Willie McGirt is caught stealing 2nd base
1-0: Ball
2-0: Called Strike
2-1: Foul Ball, location: 2F
2-2: Foul Ball, location: 2F
2-2: Strikes out swinging
Batting: LHB Chris Payling 0-0: SINGLE (Line Drive, 7S)
Gabrio Campoverde scores
Batting: SHB Billy Dotson 0-0: Ball
1-0: Called Strike
1-1: Ball
2-1: Foul Ball, location: 2F
2-2: Ground out 6-3 (Groundball, 6M)
Top of the 3rd over - 1 run, 3 hits, 0 errors, 1 left on base; Portland 3 - Philadelphia 1776 0
BOTTOM OF THE 3RD
Philadelphia 1776 BC batting - Pitching for Portland Evergreens : RHP Gerald Keller
Batting: RHB Phil Moore 0-0: Ball
1-0: Called Strike
1-1: Called Strike
1-2: Fly out, F7 (Flyball, 7LS)
Batting: LHB Hai-feng Tang 0-0: Ball
1-0: Ground out U3 (Groundball, 3)
Batting: RHB Tim Burney 0-0: Ball
1-0: Ball
2-0: Ball
3-0: Base on Balls
Batting: LHB José Rodríguez 0-0: Called Strike
0-1: Ball
1-1: Ball
2-1: Ball
3-1: Called Strike
3-2: Base on Balls
Tim Burney to second
Batting: SHB Sam Quint 0-0: Called Strike
0-1: Swinging Strike
0-2: Ball
1-2: Strikes out swinging
Bottom of the 3rd over - 0 runs, 0 hits, 0 errors, 2 left on base; Portland 3 - Philadelphia 1776 0
TOP OF THE 4TH
Portland Evergreens batting - Pitching for Philadelphia 1776 BC : RHP Jay Mahabir
Batting: LHB John Ennis 0-0: Ball
1-0: Swinging Strike
1-1: Swinging Strike
1-2: Strikes out swinging
Batting: RHB Nelson Jaramillo 0-0: Ball
1-0: Ball
2-0: Ball
3-0: Base on Balls
Batting: LHB Calvin Wilms 0-0: Ball
1-0: Called Strike
1-1: Called Strike
1-2: Ball
2-2: Foul Ball, location: 2F
2-2: Ball
3-2: Foul Ball, location: 2F
3-2: 2-RUN HOME RUN (Flyball, 9D), Distance : 367 ft
Batting: LHB Ramón Garmendia 0-0: Ball
1-0: Ground out 4-3 (Groundball, 4)
Batting: RHB Gabrio Campoverde 0-0: Ball
1-0: Called Strike
1-1: Foul Ball, location: 2F
1-2: Strikes out swinging
Top of the 4th over - 2 runs, 1 hit, 0 errors, 0 left on base; Portland 5 - Philadelphia 1776 0
BOTTOM OF THE 4TH
Philadelphia 1776 BC batting - Pitching for Portland Evergreens : RHP Gerald Keller
Batting: RHB Karl Blanke 0-0: SINGLE (Groundball, 56D)
Batting: LHB Manoo Satyavrat 0-0: Called Strike
0-1: Ball
1-1: Ball
2-1: Swinging Strike
2-2: Ball
3-2: Foul Ball, location: 2F
3-2: Fly out, F6 (Line Drive, 6)
Batting: RHB Eddie Sachs 0-0: Ball
1-0: Called Strike
1-1: Foul Ball, location: 2F
1-2: Strikes out looking
Batting: LHB Jake Grant 0-0: Foul Ball, location: 2F
0-1: Ball
1-1: Ball
2-1: Foul Ball, location: 2F
2-2: Foul Ball, location: 2F
2-2: Strikes out looking
Bottom of the 4th over - 0 runs, 1 hit, 0 errors, 1 left on base; Portland 5 - Philadelphia 1776 0
TOP OF THE 5TH
Portland Evergreens batting - Pitching for Philadelphia 1776 BC : RHP Jay Mahabir
Batting: SHB Willie McGirt 0-0: Ball
1-0: Fly out, F8 (Flyball, 78XD)
Batting: LHB John Schaefer 0-0: Called Strike
0-1: Fly out, F9 (Flyball, 9LMF)
Batting: LHB Chris Payling 0-0: Ball
1-0: Ball
2-0: Foul Ball, location: 2F
2-1: Ground out 1-3 (Groundball, 15S)
Top of the 5th over - 0 runs, 0 hits, 0 errors, 0 left on base; Portland 5 - Philadelphia 1776 0
BOTTOM OF THE 5TH
Philadelphia 1776 BC batting - Pitching for Portland Evergreens : RHP Gerald Keller
Batting: RHB Phil Moore 0-0: Called Strike
0-1: Ball
1-1: Foul Ball, location: 2F
1-2: SINGLE (Groundball, 56D)
Batting: LHB Hai-feng Tang 0-0: Called Strike
0-1: Ball
1-1: Foul Ball, location: 2F
1-2: Foul Ball, location: 2F
1-2: Ball
2-2: Fly out, F8 (Flyball, 8RS)
Batting: RHB Tim Burney 0-0: Foul Ball, location: 2F
0-1: Called Strike
0-2: Ball
1-2: Fly out, F9 (Flyball, 89M)
Batting: LHB José Rodríguez 0-0: Ball
1-0: Called Strike
1-1: Foul Ball, location: 2F
1-2: Ball
2-2: Foul Ball, location: 2F
2-2: Foul Ball, location: 2F
2-2: Ground out 4-3 (Groundball, 34)
Bottom of the 5th over - 0 runs, 1 hit, 0 errors, 1 left on base; Portland 5 - Philadelphia 1776 0
TOP OF THE 6TH
Portland Evergreens batting - Pitching for Philadelphia 1776 BC : RHP Jay Mahabir
Pitching: RHP Greg Davis
Batting: SHB Billy Dotson 0-0: Ball
1-0: Called Strike
1-1: Ball
2-1: Ground out 3-1 (Groundball, 34S)
Batting: LHB John Ennis 0-0: Foul Ball, location: 2F
0-1: Ground out U3 (Groundball, 3)
Batting: RHB Nelson Jaramillo 0-0: Ground out 3-1 (Groundball, 34S)
Top of the 6th over - 0 runs, 0 hits, 0 errors, 0 left on base; Portland 5 - Philadelphia 1776 0
BOTTOM OF THE 6TH
Philadelphia 1776 BC batting - Pitching for Portland Evergreens : RHP Gerald Keller
Batting: SHB Sam Quint 0-0: Called Strike
0-1: Ball
1-1: Ground out 6-3 (Groundball, 6)
Batting: RHB Karl Blanke 0-0: Ball
1-0: Ground out U3 (Groundball, 34S)
Batting: LHB Manoo Satyavrat 0-0: Swinging Strike
0-1: Ball
1-1: SINGLE (Groundball, 56S) (infield hit)
Pitching: LHP Gabriel Valenzuela
Batting: RHB Eddie Sachs 0-0: Fly out, F5 (Popup, 5D)
Bottom of the 6th over - 0 runs, 1 hit, 0 errors, 1 left on base; Portland 5 - Philadelphia 1776 0
TOP OF THE 7TH
Portland Evergreens batting - Pitching for Philadelphia 1776 BC : RHP Greg Davis
Batting: LHB Calvin Wilms 0-0: Ball
1-0: Ground out U3 (Groundball, 3)
Batting: LHB Ramón Garmendia 0-0: Called Strike
0-1: Ball
1-1: Ground out U3 (Groundball, 34)
Batting: RHB Gabrio Campoverde 0-0: Hit by Pitch
Batting: SHB Willie McGirt 0-0: Called Strike
0-1: Ball
1-1: Foul Ball, location: 2F
1-2: Foul Ball, location: 2F
1-2: Ball
Gabrio Campoverde steals 2nd base
2-2: Fly out, F8 (Flyball, 78XD)
Top of the 7th over - 0 runs, 0 hits, 0 errors, 1 left on base; Portland 5 - Philadelphia 1776 0
BOTTOM OF THE 7TH
Philadelphia 1776 BC batting - Pitching for Portland Evergreens : LHP Gabriel Valenzuela
Now at C: Carlos Cardona
Batting: LHB Jake Grant 0-0: Called Strike
0-1: Foul Ball, location: 2F
0-2: Ball
1-2: Foul Ball, location: 2F
1-2: Strikes out swinging
Batting: RHB Phil Moore 0-0: Called Strike
0-1: Ball
1-1: Swinging Strike
1-2: Ball
2-2: Ball
3-2: Ground out 1-3 (Groundball, P)
Batting: LHB Hai-feng Tang 0-0: Ball
1-0: Called Strike
1-1: Foul Ball, location: 2F
1-2: Strikes out swinging
Bottom of the 7th over - 0 runs, 0 hits, 0 errors, 0 left on base; Portland 5 - Philadelphia 1776 0
TOP OF THE 8TH
Portland Evergreens batting - Pitching for Philadelphia 1776 BC : RHP Greg Davis
Batting: LHB John Schaefer 0-0: Fly out, F9 (Line Drive, 89M)
Batting: LHB Chris Payling 0-0: Ball
1-0: Ball
2-0: Ball
3-0: Called Strike
3-1: SINGLE (Groundball, 4M) (infield hit)
Batting: SHB Billy Dotson 0-0: Ball
Throwing error on steal attempt, E2
Chris Payling to third
1-0: Ball
2-0: Ball
3-0: Fly out, F9 (Flyball, 9S)
Batting: LHB John Ennis 0-0: Ball
1-0: Ball
2-0: Called Strike
2-1: SINGLE (Line Drive, 78S)
Chris Payling scores
Batting: RHB Nelson Jaramillo 0-0: Ball
1-0: Ball
John Ennis steals 2nd base
2-0: Ground out 3-1 (Groundball, 34)
Top of the 8th over - 1 run, 2 hits, 1 error, 1 left on base; Portland 6 - Philadelphia 1776 0
BOTTOM OF THE 8TH
Philadelphia 1776 BC batting - Pitching for Portland Evergreens : LHP Gabriel Valenzuela
Batting: RHB Tim Burney 0-0: Called Strike
0-1: Ball
1-1: Called Strike
1-2: Ball
2-2: Foul Ball, location: 2F
2-2: Foul Ball, location: 2F
2-2: Ball
3-2: Reached on error, E4 (Line Drive, 4)
Batting: LHB José Rodríguez 0-0: Foul Ball, location: 2F
0-1: Foul Ball, location: 2F
0-2: Ball
1-2: SINGLE (Line Drive, 34D)
Tim Burney to second
Batting: SHB Sam Quint 0-0: Called Strike
0-1: Fielders Choice at 2nd, 1-4 (Groundball, 15S)
Tim Burney to third
Batting: RHB Karl Blanke 0-0: Fly out, F9 (Line Drive, 89M)
Runner from 3rd tags up, OUT at HOME
Bottom of the 8th over - 0 runs, 1 hit, 1 error, 1 left on base; Portland 6 - Philadelphia 1776 0
TOP OF THE 9TH
Portland Evergreens batting - Pitching for Philadelphia 1776 BC : RHP Greg Davis
Batting: RHB Carlos Cardona 0-0: Called Strike
0-1: Ground out 1-3 (Groundball, 13S)
Batting: LHB Ramón Garmendia 0-0: Ball
1-0: Called Strike
1-1: Ball
2-1: Swinging Strike
2-2: Strikes out swinging
Batting: RHB Gabrio Campoverde 0-0: Ball
1-0: Ball
2-0: Swinging Strike
2-1: Foul Ball, location: 2F
2-2: SINGLE (Line Drive, 6MD)
Batting: SHB Willie McGirt 0-0: Ball
1-0: Ball
2-0: Ball
3-0: Called Strike
3-1: Swinging Strike
3-2: Foul Ball, location: 2F
3-2: Foul Ball, location: 2F
3-2: Base on Balls
Gabrio Campoverde to second
Batting: LHB John Schaefer 0-0: Called Strike
0-1: Ball
1-1: Foul Ball, location: 2F
1-2: Fly out, F8 (Flyball, 8LD)
Top of the 9th over - 0 runs, 1 hit, 0 errors, 2 left on base; Portland 6 - Philadelphia 1776 0
BOTTOM OF THE 9TH
Philadelphia 1776 BC batting - Pitching for Portland Evergreens : LHP Gabriel Valenzuela
Batting: LHB Manoo Satyavrat 0-0: Ball
1-0: Fly out, F4 (Line Drive, 4)
Batting: RHB Eddie Sachs 0-0: Ball
1-0: Foul Ball, location: 2F
1-1: Swinging Strike
1-2: Strikes out swinging, 2-3 out at first.
Batting: LHB Jake Grant 0-0: Ball
1-0: Ground out 1-3 (Groundball, 13)
Bottom of the 9th over - 0 runs, 0 hits, 0 errors, 0 left on base; Portland 6 - Philadelphia 1776 0
Friday, March 29th, 2019 - OOTP Baseball 18.8 Build 76